 Dungeon Crawl Stone Soup version 0.31-a0-210-gccc998df9b (webtiles) character file.

Game seed: 1486053277098413153

3601 qw the Cleaver (level 10, -1/63 HPs)
             Began as a Gargoyle Fighter on June 29, 2023.
             Was a Follower of Okawaru.
             Shot with a sling bullet by Joseph (16 damage)
             ... on level 8 of the Dungeon.
             The game lasted 00:04:01 (7380 turns).

qw the Cleaver (Gargoyle Fighter)                   Turns: 7380, Time: 00:04:01

Health: -1/63      AC: 31    Str: 25    XL:     10   Next: 10%
Magic:  11/13      EV: 10    Int:  8    God:    Okawaru [*.....]
Gold:   381        SH:  6    Dex: 15    Spells: 9/9 levels left

rFire   + . .        Y - +1 broad axe
rCold   + . .        c - +0 buckler
rNeg    + . .        g - +0 plate armour
rPois   inf          p - +0 helmet
rElec   +            l - scarf {rC+ rF+}
rCorr   .            k - +1 pair of gloves
SInv    .            a - +0 pair of boots
Will    .....        (no amulet) Stlth
                     f - +6 ring of dexterity
HPRegen 0.30/turn    b - +4 ring of protection
MPRegen 0.13/turn

%: no passive effects
@: about to teleport, heroic
A: sickness immunity, AC +7, negative energy resistance 1, electricity
resistance, torment resistance 1, petrification resistance
a: Renounce Religion, Heroism


You were on level 8 of the Dungeon.
You worshipped Okawaru.
Okawaru was aware of your devotion.
You visited 2 branches of the dungeon, and saw 9 of its levels.
You also visited: Sewer.

You collected 381 gold pieces.


Innate Abilities, Weirdness & Mutations

You are immune to sickness and miasma.
Your stone body is resilient. (AC +7)
You are immune to poison.
You resist negative energy. (rN+)
You are resistant to electric shocks. (rElec)
You are resistant to unholy torment.
You are immune to petrification.


   Skills:
 - Level 7.1(12.1) Fighting
 - Level 10.0(15.0) Axes
 - Level 1.2(6.2) Throwing
 + Level 6.0(11.0) Armour
 - Level 2.0(7.0) Dodging
 - Level 4.1(9.1) Shields
 - Level 4.1 Invocations


You had 9 spell levels left.
You didn't know any spells.
Your spell library was empty.

Inventory:

Hand Weapons
 o - a +0 flail
 Y - a +1 broad axe (weapon)
Missiles
 h - 3 boomerangs (quivered)
Armour
 a - a +0 pair of boots (worn)
 c - a +0 buckler (worn)
 g - a +0 plate armour (worn)
 k - a +1 pair of gloves (worn)
 l - a scarf of resistance (worn)
 p - a +0 helmet (worn)
 q - a scarf of shadows
Jewellery
 b - a +4 ring of protection (right hand)
 f - a +6 ring of dexterity (left hand)
Wands
 w - a wand of digging (7)
Scrolls
 j - 7 scrolls of identify
 n - 3 scrolls of teleportation
Potions
 d - a potion of might
 e - 4 potions of curing
 i - a potion of enlightenment
 m - 2 potions of mutation
 r - a potion of heal wounds
 s - 2 potions of haste
 u - a potion of magic
 v - a potion of resistance

Dungeon Overview and Level Annotations

Branches:
Dungeon (8/15)             Temple (1/1) D:5           Sewer (visited)
   Lair: D:8-11

Altars:
Ashenzari
Cheibriados
Dithmenos
Elyvilon
Fedhas
Gozag
Hepliaklqana
Kikubaaqudgha
Makhleb
Nemelex Xobeh
Okawaru
Qazlal
Ru
Sif Muna
Trog
Uskayaw
Vehumet
Wu Jian
Yredelemnul
Zin
The Shining One
Lugonu

Portals:
Abyss: D:7

Annotations:
D:1 exclusion: 3 rats
D:3 3 runed translucent doors, qw's ghost, amateur DEHu
D:5 2 transporters
D:7 2 transporters, qw's ghost, novice DEHu
D:8 Joseph


Message History

Enter note:
Enter note:
Enter note:
Enter note:
Enter note: The howler monkey hoots and howls with incredible vigour!
Joseph unwields a +0 quarterstaff.
Joseph wields a +0 sling.
Joseph shoots a sling bullet.
The sling bullet hits you but does no damage.
The steam dragon bites you but does no damage.
The steam dragon misses you.
Joseph shoots a sling bullet.
The sling bullet barely misses you.
Enter note:
Enter note:
Enter note:
Enter note:
Enter note:
Enter note: You slice the steam dragon!!
The steam dragon is heavily wounded.
You slash the howler monkey!
The howler monkey hits you but does no damage.
The steam dragon bites you but does no damage.
The steam dragon claws you but does no damage.
You slice the howler monkey!!
You kill the howler monkey!
Okawaru accepts your kill.
You hit the steam dragon but do no damage.
The steam dragon bites you but does no damage.
You block the steam dragon's attack.
An orc warrior comes into view. It is wielding a +0 dire flail.
Joseph shoots a sling bullet.
The sling bullet hits you!
Your base Axes skill increases to level 10!
7380 ||| READING 4 scrolls of teleportation.
As you read the scroll of teleportation, it crumbles to dust.
You feel strangely unstable.
The steam dragon bites you but does no damage.
You block the steam dragon's attack.
Joseph shoots a sling bullet.
The sling bullet hits you!
You die...

.......##.......## #
.....................###
..... #...............##
.....##.................
......#.................
......#.......#.........
.........%%.###.........
.........%..###.........
....!.D@..%..##.##.##..)
........##..###.######.)
.........##.......###...
....@...####.....##(....
......... #.............
#........###.)..........
#...............#.......
.....##....#..#.#.......
...#.##.##..#.#.....##


You could see Joseph and a steam dragon.

Vanquished Creatures
  Sigmund (D:5)
  A wyvern (D:8)
  An acid dragon (D:6)
  4 orc warriors
  2 ogres (D:5)
  2 sky beasts
  2 black bears
  A centaur (D:5)
  A phantom (D:7)
  5 kobold brigands
  4 scorpions
  5 wights
  9 killer bees (D:8)
  3 howler monkeys (D:8)
  4 hounds
  3 iguanas
  2 sleepcaps
  3 orc wizards
  2 hound zombies (D:3)
  A mummy (D:5)
  10 gnolls
  11 adders
  A river rat (Sewer)
  A shadow imp (D:6)
  3 white imps
  5 worms
  6 dart slugs
  19 orcs
  8 bats
  9 endoplasms
  4 giant cockroaches
  7 goblins
  7 hobgoblins
  7 jackals (D:1)
  3 quokkas
  11 ball pythons
  2 frilled lizards
  18 kobolds
  12 rats
200 creatures vanquished.

Notes
Turn   | Place    | Note
-------+----------+-------------------------------------------
     0 | D:1      | qw the Gargoyle Fighter began the quest for the Orb.
     0 | D:1      | Reached XP level 1. HP: 14/14 MP: 1/1
     0 | D:1      | 0 ||| qw: Version: 0.3-a-24-ga2abf7b
     0 | D:1      | 0 ||| qw: Game counter: 6793
     0 | D:1      | 0 ||| qw: Melee chars always use a shield: true
     0 | D:1      | 0 ||| qw: God list: Okawaru
     0 | D:1      | 0 ||| qw: Allow faded altars: false
     0 | D:1      | 0 ||| qw: Do Orc after clearing Dungeon:15 true
     0 | D:1      | 0 ||| qw: Do second Lair branch before Depths: true
     0 | D:1      | 0 ||| qw: Lair rune preference: random
     0 | D:1      | 0 ||| qw: Goals: Normal, Zot:1-4, Slime:5, God:TSO, Crypt,
                  | Tomb, Abyss, Pan, Hells, Win
     0 | D:1      | 0 ||| PLANNING D:1-11
   112 | D:1      | Reached skill level 2 in Axes
   121 | D:1      | Reached XP level 2. HP: 18/19 MP: 2/2
   234 | D:1      | Reached skill level 3 in Axes
   293 | D:1      | Reached XP level 3. HP: 23/23 MP: 3/3
   447 | D:1      | Found a faded altar of an unknown god.
   516 | D:1      | 516 ||| READING scroll labelled KUUMIA BEGGAM.
  1032 | D:1      | 1032 ||| UPGRADING to +0 pair of boots.
  1037 | D:1      | 1037 ||| READING scroll labelled HEIXAM NOISHO.
  1223 | D:2      | 1223 ||| Stepping ~*~*~tactically~*~*~ (stealth).
  1224 | D:2      | 1224 ||| Stepping ~*~*~tactically~*~*~ (stealth).
  1300 | D:2      | 1300 ||| Stepping ~*~*~tactically~*~*~ (stealth).
  1304 | D:2      | Reached XP level 4. HP: 28/28 MP: 4/4
  1386 | D:2      | Reached skill level 4 in Axes
  1452 | D:2      | 1452 ||| Stepping ~*~*~tactically~*~*~ (hiding).
  1559 | D:2      | 1559 ||| Stepping ~*~*~tactically~*~*~ (hiding).
  1560 | D:2      | 1560 ||| Stepping ~*~*~tactically~*~*~ (hiding).
  1567 | D:2      | 1567 ||| Stepping ~*~*~tactically~*~*~ (stealth).
  1932 | D:2      | 1932 ||| UPGRADING to +0 pair of gloves.
  1937 | D:2      | 1937 ||| UPGRADING to +0 helmet.
  1942 | D:2      | 1942 ||| DROPPING ring of flight.
  1943 | D:2      | 1943 ||| READING scroll labelled QUHAINYPOXT.
  1944 | D:2      | 1944 ||| READING scroll labelled ATUGAFUADU.
  1947 | D:2      | 1947 ||| READING scroll labelled RIRCHE LUTHRUY.
  1948 | D:2      | 1948 ||| READING 2 scrolls labelled XIOTUO WADWU.
  1949 | D:2      | 1949 ||| READING scroll labelled TAMPAVV REIMO.
  1950 | D:2      | 1950 ||| READING scroll labelled JUIGOA GOAKK.
  2051 | D:2      | 2051 ||| READING scroll labelled TUF XUIRGHILLOAST.
  2052 | D:2      | 2052 ||| DRINKING 5 bubbling black potions.
  2053 | D:2      | 2053 ||| DROPPING scroll of immolation.
  2105 | D:3      | HP: 6/28 [gnoll/+0 club (3)]
  2108 | D:3      | Reached XP level 5. HP: 7/32 MP: 5/5
  2115 | D:3      | HP: 8/32 [gnoll/+0 club (1)]
  2267 | D:3      | Found a burning altar of Makhleb.
  2290 | D:3      | Identified the +12 whip "Leviticus" {drain, rElec}
  2320 | D:3      | Found a shadowy altar of Dithmenos.
  2322 | D:3      | Found a glowing golden altar of the Shining One.
  2419 | D:3      | Found a hide-covered altar of Uskayaw.
  2576 | D:3      | Found a runed translucent gate.
  2576 | D:3      | Found a runed translucent gate.
  2576 | D:3      | Found a runed translucent gate.
  2576 | D:3      | Noticed qw's ghost (amateur DEHu)
  2578 | D:3      | 2578 ||| UPGRADING to +6 ring of dexterity.
  2579 | D:3      | 2579 ||| DRINKING 2 murky black potions.
  2595 | D:3      | Reached skill level 1 in Dodging
  2595 | D:3      | Found a basalt altar of Yredelemnul.
  2690 | D:3      | 2690 ||| DROPPING +0 club.
  2788 | D:3      | 2788 ||| READING 2 scrolls of identify.
  2788 | D:3      | 2788 ||| IDENTIFYING inky potion
  2789 | D:3      | 2789 ||| DROPPING potion of degeneration.
  2816 | D:4      | 2816 ||| Stepping ~*~*~tactically~*~*~ (stealth).
  2817 | D:4      | 2817 ||| Stepping ~*~*~tactically~*~*~ (stealth).
  2824 | D:4      | Reached skill level 5 in Axes
  2850 | D:4      | 2850 ||| Stepping ~*~*~tactically~*~*~ (stealth).
  2864 | D:4      | Reached XP level 6. HP: 34/38 MP: 6/6
  2986 | D:4      | Noticed an orc warrior
  2994 | D:4      | 2994 ||| DRINKING 5 potions of curing.
  2994 | D:4      | 2994 ||| (to cure confusion)
  3002 | D:4      | HP: 6/38 [orc warrior/+0 war axe (12)]
  3003 | D:4      | 3003 ||| READING scroll of teleportation.
  3004 | D:4      | Killed an orc warrior
  3017 | D:4      | HP: 5/38 [something (4)]
  3179 | D:4      | HP: 4/38 [gnoll/+0 halberd (10)]
  3180 | D:4      | HP: 1/38 [gnoll/+0 halberd (4)]
  3333 | D:4      | 3333 ||| DROPPING +12 whip "Leviticus" {drain, rElec}.
  3334 | D:4      | 3334 ||| DROPPING +0 mace.
  3338 | D:4      | Found a radiant altar of Vehumet.
  3415 | D:4      | Reached skill level 6 in Axes
  3420 | D:4      | Reached XP level 7. HP: 39/43 MP: 7/7
  3956 | D:4      | 3956 ||| UPGRADING to +0 plate armour.
  3966 | D:4      | 3966 ||| DROPPING +0 scale mail.
  3967 | D:4      | 3967 ||| READING 2 scrolls of identify.
  3967 | D:4      | 3967 ||| IDENTIFYING metallic purple potion
  3968 | D:4      | 3968 ||| DROPPING potion of invisibility.
  3995 | D:5      | Entered Level 5 of the Dungeon
  3996 | D:5      | 3996 ||| PLANNING OSSUARY
  4085 | D:5      | 4085 ||| Stepping ~*~*~tactically~*~*~ (stealth).
  4089 | D:5      | 4089 ||| Stepping ~*~*~tactically~*~*~ (hiding).
  4196 | D:5      | 4196 ||| Stepping ~*~*~tactically~*~*~ (hiding).
  4248 | D:5      | Reached skill level 7 in Axes
  4325 | D:5      | Noticed Sigmund
  4326 | D:5      | 4326 ||| Stepping ~*~*~tactically~*~*~ (hiding).
  4329 | D:5      | 4329 ||| Stepping ~*~*~tactically~*~*~ (hiding).
  4330 | D:5      | 4330 ||| Stepping ~*~*~tactically~*~*~ (hiding).
  4339 | D:5      | Killed Sigmund
  4340 | D:5      | Reached XP level 8. HP: 40/50 MP: 8/8
  4537 | D:5      | Found a transporter.
  4542 | D:5      | Found a transporter.
  4545 | D:5      | 4545 ||| UPGRADING to scarf of resistance.
  4561 | D:5      | Reached skill level 1 in Throwing
  4582 | D:5      | Found a staircase to the Ecumenical Temple.
  4582 | D:5      | 4582 ||| RIP OSSUARY
  4583 | D:5      | 4583 ||| PLANNING TEMPLE
  4583 | D:5      | 4583 ||| READING scroll labelled JURYASHROIJA.
  4584 | D:5      | 4584 ||| READING 4 scrolls of identify.
  4584 | D:5      | 4584 ||| IDENTIFYING metallic coppery potion
  4585 | D:5      | 4585 ||| READING 3 scrolls of identify.
  4585 | D:5      | 4585 ||| IDENTIFYING yellow potion
  4586 | D:5      | 4586 ||| DROPPING potion of brilliance.
  4593 | Temple   | Entered the Ecumenical Temple
  4601 | Temple   | 4601 ||| PLANNING OKAWARU WORSHIP
  4628 | Temple   | Became a worshipper of Warmaster Okawaru
  4629 | Temple   | 4629 ||| PLANNING D:1-11
  4687 | D:5      | Found a blossoming altar of Fedhas.
  4742 | D:5      | Identified the +6 dagger of a bailey {elec, rF+}
  4835 | D:5      | Found a shimmering blue altar of Sif Muna.
  5001 | D:5      | Found a snail-covered altar of Cheibriados.
  5091 | D:5      | Found a sacrificial altar of Ru.
  5128 | D:5      | 5128 ||| UPGRADING to +4 ring of protection.
  5129 | D:5      | 5129 ||| READING scroll labelled JATAUT WISSEU.
  5130 | D:5      | 5130 ||| READING 3 scrolls of identify.
  5130 | D:5      | 5130 ||| IDENTIFYING glowing ruby potion
  5155 | D:6      | 5155 ||| PLANNING SEWER
  5160 | D:6      | 5160 ||| FLEEEEING.
  5165 | D:6      | 5165 ||| STAIRDANCE
  5339 | D:6      | 5339 ||| SWAPPING to +0 broad axe.
  5340 | D:6      | 5340 ||| DROPPING +0 war axe.
  5357 | D:6      | 5357 ||| Stepping ~*~*~tactically~*~*~ (hiding).
  5360 | D:6      | 5360 ||| Stepping ~*~*~tactically~*~*~ (hiding).
  5366 | D:6      | Reached skill level 8 in Axes
  5372 | D:6      | Reached skill level 6 in Fighting
  5407 | D:6      | 5407 ||| Stepping ~*~*~tactically~*~*~ (stealth).
  5408 | D:6      | 5408 ||| Stepping ~*~*~tactically~*~*~ (stealth).
  5412 | D:6      | 5412 ||| Stepping ~*~*~tactically~*~*~ (stealth).
  5421 | D:6      | 5421 ||| Stepping ~*~*~tactically~*~*~ (stealth).
  5423 | D:6      | 5423 ||| Stepping ~*~*~tactically~*~*~ (stealth).
  5439 | D:6      | 5439 ||| Stepping ~*~*~tactically~*~*~ (stealth).
  5476 | D:6      | 5476 ||| Stepping ~*~*~tactically~*~*~ (hiding).
  5485 | D:6      | Reached skill level 6 in Armour
  5485 | D:6      | Reached XP level 9. HP: 55/55 MP: 9/9
  5551 | D:6      | Reached * piety under Okawaru
  5666 | D:6      | 5666 ||| INVOKING Heroism.
  5677 | D:6      | 5677 ||| INVOKING Heroism.
  5678 | D:6      | 5678 ||| INVOKING Heroism.
  5712 | D:6      | Found a glowing drain.
  5713 | D:6      | 5713 ||| READING scroll labelled PEMICZ DULAOT.
  5714 | D:6      | 5714 ||| READING scroll labelled ORARIA AKHEW.
  5715 | D:6      | 5715 ||| DRINKING 2 glowing clear potions.
  5716 | D:6      | 5716 ||| READING 4 scrolls of identify.
  5716 | D:6      | 5716 ||| IDENTIFYING clear potion
  5725 | Sewer    | Entered a sewer
  5733 | Sewer    | Reached skill level 9 in Axes
  5745 | Sewer    | 5745 ||| Stepping ~*~*~tactically~*~*~ (water).
  5790 | Sewer    | 5790 ||| Stepping ~*~*~tactically~*~*~ (water).
  5825 | Sewer    | 5825 ||| Stepping ~*~*~tactically~*~*~ (stealth).
  5831 | Sewer    | 5831 ||| Stepping ~*~*~tactically~*~*~ (stealth).
  5833 | Sewer    | 5833 ||| Stepping ~*~*~tactically~*~*~ (water).
  5844 | Sewer    | 5844 ||| Stepping ~*~*~tactically~*~*~ (water).
  5936 | Sewer    | Reached skill level 1 in Invocations
  6010 | Sewer    | 6010 ||| READING scroll of enchant armour.
  6010 | Sewer    | 6010 ||| ENCHANTING +0 pair of gloves.
  6037 | Sewer    | 6037 ||| READING scroll labelled POTTYCZI ILEE.
  6038 | Sewer    | 6038 ||| READING 4 scrolls of identify.
  6038 | Sewer    | 6038 ||| IDENTIFYING pink potion
  6043 | D:6      | 6043 ||| PLANNING D:1-11
  6145 | D:6      | Found an opulent altar of Gozag.
  6145 | D:6      | Found a glowing silver altar of Zin.
  6397 | D:7      | Found a broken altar of Ashenzari.
  6420 | D:7      | 6420 ||| Stepping ~*~*~tactically~*~*~ (stealth).
  6460 | D:7      | Found a transporter.
  6464 | D:7      | Noticed a white ugly thing
  6464 | D:7      | Noticed qw's ghost (novice DEHu)
  6553 | D:7      | Found a transporter.
  6557 | D:7      | Found a one-way gate to the infinite horrors of the Abyss.
  6703 | D:7      | Found a bloodstained altar of Trog.
  6783 | D:7      | 6783 ||| INVOKING Heroism.
  6854 | D:7      | Reached skill level 3 in Invocations
  7164 | D:8      | Identified the +1 long sword of Undoing {speed, rElec
                  | Int+2}
  7167 | D:8      | 7167 ||| INVOKING Heroism.
  7352 | D:8      | 7352 ||| INVOKING Heroism.
  7355 | D:8      | Reached XP level 10. HP: 32/63 MP: 10/13
  7373 | D:8      | 7373 ||| INVOKING Heroism.
  7374 | D:8      | Noticed Joseph
  7379 | D:8      | HP: 15/63 [Joseph/sling bullet (15)]
  7380 | D:8      | Reached skill level 10 in Axes
  7380 | D:8      | 7380 ||| READING 4 scrolls of teleportation.
  7380 | D:8      | Shot with a sling bullet by Joseph

Levels and vault maps discovered:
D:1:      psy_arrival_radial02, layout_loops_cross,
          shapermc_ecumenical_altar_ellora, minmay_statues_item,
          minmay_misc_feat_plants, chequers_big_river
D:2:      minmay_evil_eye, layout_rooms, minmay_pentomino_pile
D:3:      layout_basic, bloody_makhleb, nicolae_yredelemnul_ghost_church,
          mainiacjoe_overflow_surrounded_room,
          chequers_temple_overflow_statue_of_worship
D:4:      layout_gridville, fiery_altar_vehumet
D:5:      gammafunk_steamed_eel, layout_basic, nicolae_ru_the_path_less_chosen,
          mainiacjoe_overflow_catwalk, mainiacjoe_overflow_brackets,
          nicolae_sif_muna_little_library, minmay_temple_entry_wispy,
          gup_ossuary_entry_pyramid, nicolae_letterblocks
          [nicolae_letter_subblock, nicolae_letter_subblock,
          nicolae_letter_subblock, nicolae_letter_subblock,
          nicolae_letter_subblock, nicolae_letter_subblock,
          nicolae_letter_subblock, nicolae_letter_subblock,
          nicolae_letter_subblock, nicolae_letter_subblock,
          nicolae_letter_subblock, nicolae_letter_subblock,
          nicolae_letter_subblock, nicolae_letter_subblock,
          nicolae_letter_subblock, nicolae_letter_subblock,
          nicolae_letter_subblock, nicolae_letter_subblock,
          nicolae_letter_subblock, nicolae_letter_subblock,
          nicolae_letter_subblock, nicolae_letter_subblock,
          nicolae_letter_subblock, nicolae_letter_subblock,
          nicolae_letter_subblock], uniq_sigmund
D:6:      cheibrodos_barr_body, layout_basic,
          grunt_temple_overflow_gold_and_silver, portal_sewer_entry_a,
          minivault_19, dk_noncrumbling_2
D:7:      layout_loops_cross, bloody_trog, mainiacjoe_overflow_small_starburst,
          gammafunk_ghost_abyssal_escape
D:8:      layout_cave_pools, mainiacjoe_overflow_alcove_2, uniq_joseph
Temple:   corrupted_temple

Skill      XL: |  1  2  3  4  5  6  7  8  9 10 |
---------------+-------------------------------+-----
Axes           | 2 3 4 5 6 7 8 9 10 | 10.0
Dodging        | 1 2 |  2.0
Fighting       | 4 5 6 7 |  7.1
Armour         | 4 6 |  6.0
Throwing       | 1 |  1.2
Shields        | 4 |  4.1
Invocations    | 4 |  4.1

Action                     |  1- 3 |  4- 6 |  7- 9 | 10-12 || total
---------------------------+-------+-------+-------+-------++-------
  Melee: War axe           |   105 |   185 |   112 |       ||   402
         Broad axe         |       |       |   218 |    20 ||   238
  Throw: Boomerang         |       |     4 |    96 |     1 ||   101
 Invoke: Heroism           |       |       |     5 |     1 ||     6
    Use: Scroll            |     2 |     9 |    12 |     1 ||    24
         Potion            |       |     3 |     1 |       ||     4
 Armour: Scale mail        |    46 |   115 |       |       ||   161
         Plate armour      |       |       |   287 |    26 ||   313
  Dodge: Dodged            |    42 |   103 |   116 |    25 ||   286
  Block: Buckler           |    18 |    31 |    89 |    14 ||   152

Table legend:
 A = Non-vault XP
 B = Vault XP
 C = Vault XP percentage of total XP
 D = Non-vault monster count
 E = Vault monster count
 F = Vault count percentage of total count
                 A         B        C        D         E       F
            +---------+---------+-------+---------+---------+-------
      Total |    4047 |    1098 |  21.3 |     155 |      45 |  22.5
            +---------+---------+-------+---------+---------+-------
        D:1 |      52 |       0 |   0.0 |      29 |       0 |   0.0
        D:2 |      73 |      16 |  18.0 |      13 |       7 |  35.0
        D:3 |      78 |      42 |  35.0 |      15 |       2 |  11.8
        D:4 |     400 |       0 |   0.0 |      23 |       0 |   0.0
        D:5 |     871 |     241 |  21.7 |      19 |       2 |   9.5
        D:6 |     645 |     536 |  45.4 |      14 |      14 |  50.0
        D:7 |     742 |       0 |   0.0 |      16 |       0 |   0.0
        D:8 |    1186 |       0 |   0.0 |      26 |       0 |   0.0
      Sewer |       0 |     263 | 100.0 |       0 |      20 | 100.0
            +---------+---------+-------+---------+---------+-------
